Map: 2000 Atmospheres LE

Players

A.I. 1 (Very Easy)

  • Race: Terran Terran

GuitarKing - Winner!

  • Race: Protoss Protoss
  • League: Master

VOD

Have the link to the VOD?

Description

Time

  • Played on: Aug. 25, 2021, 11:24 a.m.
  • Length: 10:41
Show
View Real Time Build Order
Export as new Build Order

A.I. 1 (Very Easy) Terran 

Build Orders:  

Get SALT Encoding   

  12  0:00  SCV  
  13  0:13  SCV  
  14  0:18  Supply Depot  
  14  0:37  Refinery  
  14  0:43  Barracks  
  14  1:04  Supply Depot  
  14  1:13  Refinery  
  14  1:30  Marine  
  14  1:31  Orbital Command  
  15  1:57  SCV  
  16  2:06  Marine  
  17  2:09  SCV  
  18  2:21  SCV  
  19  2:33  SCV  
  20  2:42  Marine  
  21  2:45  SCV  
  22  2:58  SCV  
  23  4:52  SCV  
  22  4:54  Marine  
  20  5:04  SCV  
  4  5:16  SCV  
  2  5:28  SCV  
  3  5:29  Marine  
  4  5:40  SCV  
  5  5:52  SCV  
  6  6:02  Marine  
  7  6:04  SCV  
  7  6:05  Factory  
  8  6:16  SCV  
  9  6:28  SCV  
  10  6:33  Marine  
  11  6:40  SCV  
  12  6:51  Starport  
  12  6:53  SCV  
  13  7:05  SCV  
  13  7:07  Supply Depot  
Show
View Real Time Build Order
Export as new Build Order

GuitarKing Protoss - Winner!

Build Orders: 1 Gate Expand, Zealot Archon, Archon Drop, Dark Templar Rush 

Get SALT Encoding   

  12  0:00  Probe  
  13  0:12  Probe  
  14  0:17  Pylon  
  14  0:24  Probe (Chrono Boost)  
  15  0:36  Gateway, Probe (Chrono Boost)  
  16  0:45  Probe (Chrono Boost)  
  16  0:46  Assimilator  
  17  0:51  Probe  
  18  1:03  Probe  
  19  1:15  Probe  
  20  1:24  Cybernetics Core  
  20  1:32  Nexus  
  20  1:35  Probe  
  21  1:42  Pylon  
  21  1:50  Assimilator  
  21  1:54  Probe  
  22  1:59  Adept (Chrono Boost)  
  22  2:02  Warp Gate  
  22  2:06  Probe  
  25  2:19  Probe  
  26  2:25  Twilight Council  
  26  2:29  Adept  
  28  2:31  Probe (Chrono Boost)  
  29  2:43  Probe (Chrono Boost)  
  30  2:46  Probe (Chrono Boost)  
  30  2:50  Gateway  
  32  2:52  Probe (Chrono Boost)  
  32  2:53  Probe (Chrono Boost)  
  32  2:58  Probe (Chrono Boost)  
  34  3:01  Robotics Facility  
  34  3:02  Probe  
  35  3:10  Probe  
  36  3:14  Probe  
  36  3:16  Dark Shrine  
  37  3:22  Probe  
  37  3:24  Gateway  
  37  3:27  Probe  
  39  3:34  Probe  
  39  3:37  Pylon  
  39  3:39  Probe  
  41  3:44  Warp Prism (Chrono Boost)  
  41  3:46  Probe  
  44  3:50  Adept  
  44  3:54  Pylon  
  46  3:55  Probe  
  46  3:58  Probe  
  48  4:07  Probe  
  49  4:11  Probe  
  49  4:17  Nexus  
  49  4:19  Pylon  
  49  4:22  Probe, Assimilator  
  51  4:32  Dark Templar x2  
  51  4:33  Dark Templar  
  57  4:39  Probe  
  57  4:42  Probe  
  57  4:44  Charge (Chrono Boost)  
  59  4:51  Probe  
  60  4:54  Gateway  
  60  4:55  Probe  
  61  5:01  Gateway  
  61  5:03  Probe  
  61  5:07  Forge, Probe, Pylon  
  63  5:08  Shield Battery  
  63  5:15  Probe  
  63  5:19  Probe  
  65  5:26  Dark Templar  
  65  5:27  Probe, Observer  
  69  5:33  Protoss Ground Weapons Level 1 (Chrono Boost)  
  69  5:35  Gateway  
  69  5:36  Gateway  
  69  5:37  Gateway, Probe x2  
  71  5:45  Probe  
  71  5:46  Pylon  
  72  5:50  Archon x2, Zealot  
  72  5:51  Zealot x2  
  72  5:53  Pylon  
  72  5:55  Probe  
  79  6:00  Probe x2  
  81  6:05  Pylon  
  81  6:06  Dark Templar x2  
  81  6:09  Archon  
  81  6:11  Zealot x2  
  89  6:13  Zealot  
  91  6:38  Dark Templar x2  
  91  6:39  Zealot x6  
  107  6:42  Archon  
  107  6:43  Probe x2  
  107  6:45  Pylon  
  109  6:47  Pylon  
  109  6:59  Zealot  
  111  7:05  Zealot  
  111  7:06  Zealot x4  
  121  7:10  Forge  
  121  7:14  Probe  
  122  7:15  Robotics Bay  
  122  7:18  Robotics Facility  
  122  7:27  Probe, Assimilator  
  123  7:32  Assimilator  
  123  7:35  Nexus  
  123  7:36  Pylon  
  123  7:37  Gateway  
  123  7:38  Gateway  
  123  7:40  Protoss Ground Weapons Level 2 (Chrono Boost), Protoss Ground Armor Level 1 (Chrono Boost), Pylon  
  123  7:43  Pylon  
  123  7:50  Probe  
  124  7:53  Pylon  
  124  8:00  Shield Battery  
  124  8:01  Shield Battery  
  124  8:02  Probe  
  124  8:03  Photon Cannon  
  124  8:04  Photon Cannon, Extended Thermal Lance (Chrono Boost)  
  125  8:09  Colossus (Chrono Boost)  
  131  8:20  Probe x3  
  131  8:25  Shield Battery  
  131  8:26  Colossus (Chrono Boost)  
  140  8:27  Photon Cannon  
  140  8:28  Photon Cannon  
  140  8:32  Probe  
  140  8:33  Probe  
  142  8:43  Probe  
  142  8:44  Probe  
  142  8:45  Colossus (Chrono Boost)  
  150  8:50  Sentry  
  150  8:51  Sentry  
  150  8:53  Probe x2  
  156  8:55  Probe  
  156  8:58  Probe, Assimilator  
  156  9:02  Assimilator  
  158  9:05  Probe x2  
  160  9:14  Disruptor (Chrono Boost)  
  160  9:15  Sentry  
  162  9:19  Zealot x7  
  162  9:23  Pylon  
  179  9:25  Pylon  
  179  9:26  Pylon  
  179  9:30  Pylon  
  179  9:35  Pylon  
  179  9:44  Nexus  
  182  9:54  Disruptor (Chrono Boost)  
  182  9:57  Disruptor (Chrono Boost)  
  185  10:11  Pylon  
  185  10:13  Pylon  
  185  10:21  Dark Templar  
  185  10:22  Dark Templar x3, Zealot  
  185  10:23  Zealot x2  
  199  10:39  Photon Cannon  
Tags
 
Add a new tag
Caveats
  • Supply blocks, unpowered buildings, or Contaminate may cause inaccurate times.
  • Supply counts are checked every 10 seconds.